 Dungeon Crawl Stone Soup version 0.26-a0-658-gbdda728c12 (webtiles) character file.

Game seed: 17548948913652483343

284 flotson the Skirmisher (level 6, -1/56 HPs)
             Began as a Palentonga Chaos Knight on Oct 4, 2020.
             Was a Plaything of Xom.
             Slain by a gnoll
             ... wielding a +0 halberd
              (14 damage)
             ... on level 3 of the Dungeon.
             The game lasted 00:08:59 (3761 turns).

flotson the Skirmisher (Palentonga Chaos Knight)    Turns: 3761, Time: 00:08:59

Health: -1/56      AC:  6    Str: 18    XL:     6   Next: 7%
Magic:  6/6        EV:  9    Int: 12    God:    Xom [..*...]
Gold:   147        SH:  0    Dex:  9    Spells: 5/5 levels left

rFire    . . .     SeeInvis +   a - +0 spear (chaos)
rCold    . . .     Faith    .   (no shield)
rNeg     . . .     Spirit   .   i - +0 ring mail (curse)
rPois    .         Reflect  .   (no helmet)
rElec    .         Harm     .   (no cloak)
rCorr    .         Rampage  .   (no gloves)
MR       .....                  (no barding)
Stlth    +.........             (no amulet)
HPRegen  0.18/turn              (no ring)
MPRegen  0.10/turn              (no ring)

@: no status effects
A: large, rugged brown scales 3, see invisible, deformed body, roll, armoured
tail
a: Rolling Charge, Renounce Religion


You were on level 3 of the Dungeon.
You worshipped Xom.
You were a toy of Xom.
You visited 1 branch of the dungeon, and saw 4 of its levels.

You collected 147 gold pieces.

Inventory:

Hand Weapons
 a - a +0 spear of chaos (weapon)
 b - a +0 whip of draining
 n - a +1 dagger of venom
Armour
 i - a cursed +0 ring mail (worn)
 l - a +2 leather armour
Scrolls
 d - 4 scrolls of remove curse {unknown}
 f - 2 scrolls of identify {unknown}
 h - a scroll of enchant armour {unknown}
 k - a scroll of teleportation {unknown}
Potions
 c - a potion of heal wounds {unknown}
 e - a potion of lignification {unknown}
 g - 2 potions of curing
 j - a potion of brilliance {unknown}
 m - a potion of stabbing {unknown}
 p - a potion of flight {unknown}


   Skills:
 + Level 4.4 Fighting
 + Level 3.8 Polearms
 + Level 3.0 Armour
 + Level 1.7 Dodging
 + Level 0.8 Stealth


You had 5 spell levels left.
You didn't know any spells.
Your spell library was empty.

Dungeon Overview and Level Annotations

Branches:
Dungeon (4/15)
 Temple: D:4-7

Altars:
Fedhas
Sif Muna
Vehumet
Yredelemnul


Innate Abilities, Weirdness & Mutations

You are completely covered in rugged brown scales. (AC +3, +7% HP)
You have supernaturally acute eyesight. (SInv)
Armour fits poorly on your strangely shaped body.
You can roll at foes to attack.
You have a long armoured tail.


Message History

Press: ? - help, Dir - move target cursor, f/p - gnoll
Aim: a gnoll, wielding a +0 halberd You roll forward with a clatter of scales!
You completely miss the gnoll.
The gnoll hits you from afar with a +0 halberd.
There is a stone staircase leading up here.
You start resting.
A gnoll is nearby!
The gnoll hits you with a +0 halberd.
You climb upwards.
There is a stone staircase leading down here.
You are too injured to fight recklessly!
You are too injured to fight recklessly!
Your ring mail prevents you from hitting the gnoll.
The gnoll hits you with a +0 halberd!
* * * LOW HITPOINT WARNING * * *
You puncture the gnoll! You burn the gnoll.
The gnoll is severely wounded.
The gnoll hits you with a +0 halberd!
You die...

########..#.#)#.....## #.#
#.........#.#.#####.#####.#
#.#####...#.#.### #.......#
#.........#.)...# #########
#######.......#.#####
#...............#
#.#..######..##.#
#####....######...#.#
...............g@##.#######
######...#.#####.....<....#
#.......# #.########.#
##..#.#.###.# #.#
#..#.#.....# #.#
#.<#.####### #.# ##.#.# #.#
#.#.# #.# ###### #...# #.#


You could see a gnoll.

Vanquished Creatures
  A howler monkey (D:3)
  2 orc wizards (D:3)
  5 adders
  6 gnolls
  3 leopard geckos
  12 orcs
  2 giant cockroaches
  3 goblins
  4 hobgoblins
  3 jackals (D:3)
  10 kobolds
  3 quokkas
  5 bats
  4 frilled lizards
  A rat (D:3)
64 creatures vanquished.

Vanquished Creatures (collateral kills)
  A gnoll shaman (D:4)
  A gnoll (D:4)
2 creatures vanquished.

Grand Total: 66 creatures vanquished

Notes
Turn   | Place    | Note
-------+----------+-------------------------------------------
     0 | D:1      | flotson the Palentonga Chaos Knight began the quest for the
                  | Orb.
     0 | D:1      | Reached XP level 1. HP: 20/20 MP: 1/1
    29 | D:1      | Reached skill level 1 in Dodging
    93 | D:1      | XOM: divination: magic mapping
   163 | D:1      | Reached XP level 2. HP: 25/27 MP: 2/2
   451 | D:1      | XOM: silly message
  1301 | D:2      | XOM: divination: detect creatures
  1308 | D:2      | Found a blossoming altar of Fedhas.
  1309 | D:2      | Found a shimmering blue altar of Sif Muna.
  1310 | D:2      | Found a basalt altar of Yredelemnul.
  1386 | D:2      | Reached XP level 3. HP: 35/35 MP: 3/3
  1579 | D:3      | XOM: cast spell 'Leda's Liquefaction'
  1941 | D:3      | XOM: give mutations
  1941 | D:3      | Gained mutation: You are frail. (-10% HP) [Xom's mischief]
  1941 | D:3      | Lost mutation: You are frail. (-10% HP) [Xom's mischief]
  1987 | D:3      | Reached skill level 4 in Fighting
  1987 | D:3      | Reached XP level 4. HP: 10/42 MP: 4/4
  2002 | D:3      | XOM: 2-stop teleportation journey
  2230 | D:3      | XOM: silly message
  2621 | D:3      | XOM: potion effect (haste)
  2632 | D:3      | Reached XP level 5. HP: 25/49 MP: 5/5
  3014 | D:3      | XOM: silly message
  3043 | D:3      | Found a radiant altar of Vehumet.
  3102 | D:3      | XOM: smoke on damage
  3424 | D:4      | Noticed an ogre
  3430 | D:4      | Noticed a centaur
  3706 | D:4      | XOM: blink monster(s)
  3713 | D:4      | XOM: cast spell 'Summon Ice Beast'
  3724 | D:4      | Reached XP level 6. HP: 45/56 MP: 6/6
  3761 | D:3      | Slain by a gnoll

Illustrated notes

Levels and vault maps discovered:
D:1:      lightli_arrival_statuegarden, layout_basic
D:2:      layout_loops_cross, chequers_temple_overflow_statue_of_worship
D:3:      layout_basic, lemuel_doored_altar
D:4:      layout_basic, nicolae_qazlal_eye_of_the_storm

Skill      XL: |  1  2  3  4  5 |
---------------+----------------+-----
Dodging        | 1 |  1.7
Armour         | 2 3 |  3.0
Fighting       | 4 |  4.4
Polearms       | 3 |  3.8
Stealth        | |  0.8

Action                   |  1- 3 |  4- 6 || total
-------------------------+-------+-------++-------
Melee: Spear             |    94 |   122 ||   216
       Tailslap          |     9 |    11 ||    20
Throw: Dart              |       |    17 ||    17
 Abil: Rolling Charge    |     9 |    27 ||    36
  Use: Potion            |       |     1 ||     1
 Stab: Paralysed         |       |     3 ||     3
Armor: Leather armour    |    11 |       ||    11
       Ring mail         |    45 |    32 ||    77
Dodge: Dodged            |    56 |    31 ||    87

Table legend: (Time is in decaauts)
 A = Elapsed time spent in this place.
 B = Non-inter-level travel time spent in this place.
 C = Inter-level travel time spent in this place.
 D = Time resting spent in this place.
 E = Time spent auto-exploring this place.
 F = Levels seen in this place.
 G = Mean time per level.
                   A        B        C        D        E       F      G
               +--------+--------+--------+--------+--------+-----+--------+
         Total |   3740 |   3566 |    174 |    474 |   2506 |   4 |  935.0 |
       Dungeon |   3740 |   3566 |    174 |    474 |   2506 |   4 |  935.0 |
               +--------+--------+--------+--------+--------+-----+--------+

Top non-repeatable levels by time:
     D:3: 1868 daAuts
     D:1: 840 daAuts
     D:2: 678 daAuts
     D:4: 353 daAuts
